 Dungeon Crawl Stone Soup version 0.20.1-1-g8b1a95d (webtiles) character file.

67 polve the Slasher (level 3, 0/29 HPs)
             Began as a Demonspawn Abyssal Knight on July 16, 2017.
             Was a Believer of Lugonu.
             Slain by a frilled lizard (1 damage)
             ... on level 2 of the Dungeon.
             The game lasted 00:01:33 (2157 turns).

polve the Slasher (Demonspawn Abyssal Knight)       Turns: 2157, Time: 00:01:34

Health: 0/29       AC:  3    Str: 12    XL:     3   Next: 98%
Magic:  0/4        EV: 11    Int: 13    God:    Lugonu [**....]
Gold:   111        SH:  0    Dex: 13    Spells: 2/2 levels left

rFire    . . .     SeeInvis .   a - +1 falchion
rCold    . . .     Gourm    .   (no shield)
rNeg     . . .     Faith    .   b - +0 leather armour
rPois    .         Spirit   +   (no helmet)
rElec    .         Reflect  .   (no cloak)
rCorr    .         Harm     .   (no gloves)
MR       .....                  (no boots)
Stlth    +.........             (no amulet)
Regen    0.1/turn               (no ring)
MPRegen  0.1/turn               (no ring)

@: no status effects
A: demonic guardian 1, magic shield
a: Depart the Abyss, Bend Space, Renounce Religion


You were on level 2 of the Dungeon.
You worshipped Lugonu.
Lugonu was pleased with you.
You were not hungry.

You visited 1 branch of the dungeon, and saw 2 of its levels.
You visited the Abyss 1 time.

You collected 111 gold pieces.

Inventory:

Hand Weapons
 a - a +1 falchion (weapon)
Armour
 b - a +0 leather armour (worn)
Jewellery
 h - an uncursed ring of stealth {unknown}
Scrolls
 d - a scroll of remove curse {unknown}
 e - 2 scrolls of enchant weapon {unknown}
 f - 3 scrolls of identify {unknown}
 g - a scroll of immolation {unknown}
 i - a scroll of random uselessness {unknown}
 j - a scroll of fog {unknown}
Potions
 l - a potion of haste {unknown}
 m - a potion of mutation {unknown}
 n - a potion of flight {unknown}
Comestibles
 c - a bread ration
 k - a meat ration


   Skills:
 - Level 3.0 Fighting
 + Level 3.9 Long Blades
 - Level 1.7 Armour
 - Level 0.8 Dodging
 - Level 2.4 Invocations


You had 2 spell levels left.
You didn't know any spells.

Dungeon Overview and Level Annotations

Branches:
Dungeon (2/15)

Altars:


Innate Abilities, Weirdness & Mutations

A weak demonic guardian rushes to your aid.
When hurt, damage is shared between your health and your magic reserves.


Message History

The frilled lizard barely misses you.
You riposte.
You closely miss the frilled lizard. The frilled lizard bites you.
* * * LOW HITPOINT WARNING * * *
The frilled lizard bites you but does no damage.
The frilled lizard bites you but does no damage.
The frilled lizard bites you but does no damage.
The frilled lizard barely misses you.
The frilled lizard bites you but does no damage.
The frilled lizard barely misses you.
You riposte.
You barely miss the frilled lizard. The frilled lizard barely misses you.
You riposte.
You miss the frilled lizard.
The frilled lizard bites you but does no damage.
The frilled lizard bites you but does no damage.
The frilled lizard bites you but does no damage.
The frilled lizard completely misses you.
The frilled lizard bites you.
* * * LOW HITPOINT WARNING * * *
The frilled lizard bites you.
You die...

##### #...# #### #...#
.... #...#####
.....#.......#
.....#.......##########
.......................
..#####?..##...........?
......)@#####..........
......l.#...........#
%.......#........)..#
##......#...........#
#..)...........#####
#.......######.# ##
#.......######.#######.
........+..............
#######.######.


You could see a frilled lizard.

Vanquished Creatures
  2 oozes
  4 dart slugs
  A leopard gecko (D:1)
  A ball python (D:1)
  6 giant cockroaches
  4 goblins (D:1)
  8 hobgoblins
  3 jackals (D:1)
  4 kobolds
  A bat (D:1)
  3 frilled lizards (D:1)
  10 rats
47 creatures vanquished.

Vanquished Creatures (others)
  5 toadstools (D:1)
5 creatures vanquished.

Grand Total: 52 creatures vanquished

Notes
Turn   | Place    | Note
-------+----------+-------------------------------------------
     0 | Abyss:1  | polve the Demonspawn Abyssal Knight began the quest for the Orb.
     0 | Abyss:1  | Reached XP level 1. HP: 18/18 MP: 2/2
    37 | D:1      | Escaped the Abyss
   410 | D:1      | Reached * piety under Lugonu
   675 | D:1      | Gained mutation: A weak demonic guardian rushes to your aid. [demonic ancestry]
   675 | D:1      | Reached XP level 2. HP: 23/24 MP: 3/3
  1014 | D:1      | Gained mutation: When hurt, damage is shared between your health and your magic reserves. [demonic ancestry]
  1014 | D:1      | Reached XP level 3. HP: 25/29 MP: 4/4
  1914 | D:2      | Reached ** piety under Lugonu
  2156 | D:2      | HP: 1/29 [frilled lizard (2)]
  2157 | D:2      | Slain by a frilled lizard

Skill      XL: |  1  2 |
---------------+-------+-----
Long Blades    | 2 3 |  3.9
Fighting       | |  3.0
Armour         | |  1.7
Dodging        | |  0.8
Invocations    | |  2.4

Action                   || total
-------------------------++-------
Melee: Falchion          ||   137
Invok: Depart the Abyss  ||     1
  Use: Potion            ||     1
  Eat: Chunk             ||     4
Armor: Leather armour    ||    63
Dodge: Dodged            ||   135
       Rpst.: Falchion   ||    53
